 Dungeon Crawl Stone Soup version 0.30.1-4-g462c640d31 (webtiles) character file.

Game seed: 12398429774142037508

729072 arthad the Impregnable (level 27, 0/173 HPs)
             Began as a Gargoyle Fighter on Aug 23, 2023.
             Was a High Priest of Okawaru.
             Slain by Ignacio
             ... wielding a +8 executioner's axe of pain
              (3 damage)
             ... in Pandemonium on Aug 24, 2023.
             The game lasted 03:02:02 (63182 turns).

arthad the Impregnable (Gargoyle Fighter)          Turns: 63182, Time: 03:02:03

Health: 0/173      AC: 60    Str: 36    XL:     27
Magic:  33/34      EV: 13    Int: 13    God:    Okawaru [*****.]
Gold:   6120       SH: 31    Dex:  8    Spells: 26/26 levels left

rFire   + + .        b - +9 eveningstar (freeze)
rCold   + . .        I - +8 tower shield {reflect}
rNeg    + . .        N - +9 scales of the Dragon King {rPois rF+ rC+ Will+}
rPois   ∞            Q - +3 crown of Dyrovepreva {rElec Int+2 SInv}
rElec   +            L - scarf of Saqalauzopt {shadows, Rampage +Inv rCorr}
rCorr   +            K - +2 pair of gloves "Teng" {Str+3}
SInv    +            D - +1 pair of boots of Happiness {Slay+3}
Will    +++..        q - amulet of regeneration Stlth
                     z - +4 ring of slaying
HPRegen 1.28/turn    t - ring "Hohyas" {Fly rElec rF+ Str+3 Dex+3}
MPRegen 0.24/turn

%: reflection, clarity, rampage
@: heroic, flying, studying 2 skills
A: sickness immunity, AC +20, big wings, negative energy resistance 1,
electricity resistance, torment resistance 1, petrification resistance, clarity,
clumsy 2, deformed body, deterioration 1, dopey 1, frail 1, low MP 1, subdued
magic 1, sturdy frame 2
}: 5/15 runes: serpentine, barnacled, slimy, silver, abyssal
a: Renounce Religion, Evoke Invisibility, Heroism, Finesse, Duel


You were in Pandemonium.
You worshipped Okawaru.
Okawaru was extremely pleased with you.
You visited 13 branches of the dungeon, and saw 57 of its levels.
You visited Pandemonium 1 time, and saw 3 of its levels.
You visited the Abyss 3 times.
You visited 2 bazaars.
You also visited: Sewer, Bailey, Gauntlet and Wizlab.

You collected 7940 gold pieces.
You spent 1820 gold pieces at shops.

Inventory:

Hand Weapons
 b - a +9 eveningstar of freezing (weapon)
 g - the +5 sling of Insufficient Pleasure {drain, Drain rC+ Int+3}
   (You found it in Pandemonium)

   Int:       It affects your intelligence (+3).
   rC:        It protects you from cold.
   Drain:     It drains your maximum health when unequipped.
 P - a +9 heavy eveningstar
Missiles
 a - 25 atropa-tipped darts
 j - 46 javelins (quivered)
 r - 15 silver javelins
 F - 54 poisoned darts
 J - 12 curare-tipped darts
Armour
 u - a scarf of resistance
 D - the +1 pair of boots of Happiness (worn) {Slay+3}
   (Okawaru gifted it to you on level 1 of the Lair of Beasts)

   Slay:      It affects your accuracy & damage with ranged weapons and melee
   (+3).
 I - a +8 tower shield of reflection (worn)
 K - the +2 pair of gloves "Teng" (worn) {Str+3}
   (Okawaru gifted it to you on level 5 of the Lair of Beasts)

   Str:       It affects your strength (+3).
 L - the scarf of Saqalauzopt (worn) {shadows, Rampage +Inv rCorr}
   (Okawaru gifted it to you on level 3 of the Shoals)

   +Inv:      It lets you turn invisible.
   rCorr:     It protects you from acid and corrosion.
   Rampage:   It bestows one free step when moving towards enemies.
 N - the +9 scales of the Dragon King (worn) {rPois rF+ rC+ Will+}
   (You found it on level 1 of the Shoals)

   rF:        It protects you from fire.
   rC:        It protects you from cold.
   rPois:     It protects you from poison.
   Will:      It increases your willpower.
 Q - the +3 crown of Dyrovepreva (worn) {rElec Int+2 SInv}
   (You acquired it on level 2 of the Vaults)

   Int:       It affects your intelligence (+2).
   rElec:     It insulates you from electricity.
   SInv:      It lets you see invisible.
Jewellery
 k - the ring of the Everdark {rC+ Dex+6}
   (You took it off a frost giant on level 3 of the Depths)

   [ring of dexterity]

   Dex:       It affects your dexterity (+6).
   rC:        It protects you from cold.
 l - the ring "Xidos" {rN+ SInv}
   (You found it on level 8 of the Dungeon)

   [ring of see invisible]

   rN:        It protects you from negative energy.
   SInv:      It lets you see invisible.
 q - an amulet of regeneration (around neck)
 t - the ring "Hohyas" (right hand) {Fly rElec rF+ Str+3 Dex+3}
   (You found it on level 4 of the Vaults)

   [ring of flight]

   Str:       It affects your strength (+3).
   Dex:       It affects your dexterity (+3).
   rF:        It protects you from fire.
   rElec:     It insulates you from electricity.
   Fly:       It grants you flight.
 z - a +4 ring of slaying (left hand)
 C - the ring of Winter {Fly rF+ Stlth+}
   (You took it off a fire giant on level 3 of the Depths)

   [ring of flight]

   rF:        It protects you from fire.
   Fly:       It grants you flight.
   Stlth:     It makes you more stealthy.
Wands
 i - a wand of flame (140)
 w - a wand of mindburst (39)
 x - a wand of digging (13)
 A - a wand of acid (31)
 B - a wand of polymorph (45)
 M - a wand of roots (46)
 T - a wand of paralysis (61)
Scrolls
 c - 2 scrolls of torment
 o - 3 scrolls of silence
 p - 12 scrolls of poison
 v - 10 scrolls of magic mapping
 E - 12 scrolls of teleportation
 S - 5 scrolls of enchant armour
 U - 4 scrolls of blinking
 V - 7 scrolls of immolation
 W - 9 scrolls of fear
 Z - 8 scrolls of fog
Potions
 d - 9 potions of might
 e - 9 potions of mutation
 f - 7 potions of berserk rage
 h - 7 potions of resistance
 s - 6 potions of magic
 G - 3 potions of cancellation
 H - 8 potions of invisibility
 R - 21 potions of curing
 X - 11 potions of heal wounds
 Y - 12 potions of haste
Miscellaneous
 m - a condenser vane
 O - a phial of floods


   Skills:
 * Level 25.2(27) Fighting
 - Level 5.5(10.5) Short Blades
 * Level 23.0(27) Maces & Flails
 + Level 17.5(22.5) Throwing
 * Level 26.9(27) Armour
 - Level 10.5(15.5) Dodging
 * Level 24.8(27) Shields
 + Level 22.7 Invocations
 - Level 9.2 Evocations


You had 26 spell levels left.
You didn't know any spells.
Your spell library contained the following spells:

 Spells                   Type           Power      Damage    Failure   Level
 Apportation              Tloc           0%         N/A       58%         1
 Beastly Appendage        Tmut           0%         N/A       58%         1
 Freeze                   Ice            0%         1d3       58%         1
 Kiss of Death            Conj/Necr      0%         2d5       58%         1
 Magic Dart               Conj           0%         1d3       58%         1
 Necrotise                Necr           0%         1d4       58%         1
 Slow                     Hex            0%         N/A       58%         1
 Sting                    Tmut/Pois      0%         1d3       58%         1
 Ensorcelled Hibernation  Hex/Ice        0%         N/A       73%         2
 Passwall                 Tmut/Erth      0%         N/A       73%         2
 Poisonous Vapours        Pois/Air       0%         N/A       73%         2
 Scorch                   Fire           0%         2d5       73%         2
 Static Discharge         Conj/Air       0%         2-2/arc   73%         2
 Wereblood                Tmut           0%         N/A       73%         2
 Confusing Touch          Hex            0%         N/A       92%         3
 Dazzling Flash           Conj/Hex       0%         N/A       92%         3
 Frozen Ramparts          Ice            0%         1d1       92%         3
 Hailstorm                Conj/Ice       0%         3d3       92%         3
 Ignite Poison            Fire/Tmut/Pois 0%         N/A       92%         3
 Mephitic Cloud           Conj/Pois/Air  0%         N/A       92%         3
 Ozocubu's Armour         Ice            0%         N/A       92%         3
 Portal Projectile        Hex/Tloc       0%         N/A       92%         3
 Spider Form              Tmut/Pois      0%         N/A       92%         3
 Stone Arrow              Conj/Erth      0%         3d7       92%         3
 Swiftness                Air            0%         N/A       92%         3
 Vampiric Draining        Necr           0%         2d6       92%         3
 Volatile Blastmotes      Fire/Tloc      0%         2d10      92%         3
 Anguish                  Hex/Necr       0%         N/A       100%        4
 Cause Fear               Hex            0%         N/A       100%        4
 Flame Wave               Conj/Fire      0%         2d4       100%        4
 Fulminant Prism          Conj/Hex       0%         3d5       100%        4
 Iskenderun's Mystic Bla  Conj/Tloc      0%         2d3       100%        4
 Leda's Liquefaction      Hex/Erth       0%         N/A       100%        4
 Olgreb's Toxic Radiance  Pois           0%         N/A       100%        4
 Passage of Golubria      Tloc           0%         N/A       100%        4
 Sticky Flame             Conj/Fire      0%         2d3       100%        4
 Agony                    Necr           0%         N/A       100%        5
 Alistair's Intoxication  Tmut/Pois      0%         N/A       100%        5
 Blade Hands              Tmut           0%         N/A       100%        5
 Fireball                 Conj/Fire      0%         3d3       100%        5
 Freezing Cloud           Conj/Ice/Air   0%         6-21      100%        5
 Irradiate                Conj/Tmut      0%         3d11      100%        5
 Lee's Rapid Deconstruct  Erth           0%         3d4*      100%        5
 Silence                  Hex/Air        0%         N/A       100%        5
 Yara's Violent Unravell  Hex/Tmut       0%         3d3       100%        5
 Conjure Ball Lightning   Conj/Air       0%         3x3d6     100%        6
 Eringya's Noxious Bog    Tmut/Pois      0%         N/A       100%        6
 Iron Shot                Conj/Erth      0%         9d1       100%        6
 Plasma Beam              Fire/Air       0%         2x1d11    100%        6
 Dragon Form              Tmut           0%         N/A       100%        7
 Enfeeble                 Hex            0%         N/A       100%        7
 Ozocubu's Refrigeration  Ice            0%         4d7       100%        7
 Discord                  Hex            0%         N/A       100%        8
 Disjunction              Tloc           0%         N/A       100%        8
 Ignition                 Fire           0%         3d3       100%        8
 Lehudib's Crystal Spear  Conj/Erth      0%         10d2      100%        8
 Death's Door             Necr           0%         N/A       100%        9
 Polar Vortex             Ice            0%         N/A       100%        9
 Summon Small Mammal      Summ           Unusable   N/A       N/A         1
 Call Imp                 Summ           Unusable   N/A       N/A         2
 Call Canine Familiar     Summ           Unusable   N/A       N/A         3
 Tukima's Dance           Hex            Unusable   N/A       N/A         3
 Animate Armour           Summ/Erth      Unusable   N/A       N/A         4
 Summon Ice Beast         Ice/Summ       Unusable   N/A       N/A         4
 Summon Lightning Spire   Summ/Air       Unusable   N/A       N/A         4
 Summon Forest            Summ/Tloc      Unusable   N/A       N/A         5
 Summon Mana Viper        Hex/Summ       Unusable   N/A       N/A         5
 Simulacrum               Ice/Necr       Unusable   N/A       N/A         6
 Statue Form              Tmut/Erth      Unusable   N/A       N/A         6
 Summon Cactus Giant      Summ           Unusable   N/A       N/A         6
 Monstrous Menagerie      Summ           Unusable   N/A       N/A         7
 Summon Hydra             Summ           Unusable   N/A       N/A         7

Dungeon Overview and Level Annotations

Branches:
Dungeon (15/15)            Temple (1/1) D:4            Lair (5/5) D:11
 Shoals (4/4) Lair:2        Snake (4/4) Lair:2        Slime (5/5) Lair:5
    Orc (2/2) D:10            Elf (3/3) Orc:2        Vaults (5/5) D:13
  Crypt (3/3) Vaults:3       Tomb (0/3) Crypt:3      Depths (4/4) D:15
   Hell (visited)             Dis (0/7) Hell            Geh (0/7) Hell
    Coc (0/7) Hell            Tar (0/7) Hell            Zot (5/5) Depths:4
  Sewer (visited)          Bailey (visited)          WizLab (visited)
Gauntlet (visited)

Altars:
Ashenzari
Cheibriados
Dithmenos
Elyvilon
Fedhas
Gozag
Hepliaklqana
Kikubaaqudgha
Makhleb
Nemelex Xobeh
Okawaru
Qazlal
Ru
Sif Muna
Trog
Uskayaw
Vehumet
Wu Jian
Xom
Yredelemnul
Zin
The Shining One
Lugonu

Shops:
D:4 *   Orc:2 (:[*   Shoals:3 !*=(*   Snake:2 !   Snake:3 [   Snake:4 (**
Vaults:1 (   Vaults:4 (   Depths:1 *   Depths:2 :   Depths:3 [[[(

Portals:
Hell: Depths:1 Depths:2 Depths:3 Depths:4
Abyss: Lair:5 Depths:2 Depths:3 Depths:4
Pandemonium: Depths:2
Ziggurat: Depths:1

Annotations:
D:11 exclusion: oklob plant
Snake:2 2 transporters, spardeous's ghost, adept MiBe
Zot:4 1 runed translucent door, Pongem's ghost, legendary MiAK
Pan Ignacio


Innate Abilities, Weirdness & Mutations

You are immune to sickness and miasma.
Your stone body is resilient. (AC +20)
You are immune to poison.
Your large and strong wings let you fly.
You resist negative energy. (rN+)
You are resistant to electric shocks. (rElec)
You are resistant to unholy torment.
You are immune to petrification.
You possess an exceptional clarity of mind.
You are very clumsy. (Dex -4)
Armour fits poorly on your strangely shaped body.
Your body sometimes deteriorates upon taking damage.
You are dopey. (Int -2)
You are frail. (-10% HP)
Your magical capacity is low. (-10% MP)
Your spells are a little easier to cast, but a little less powerful.
Your movements are less encumbered by armour. (ER -4)


Message History

You block Ignacio's attack. Ignacio closely misses you.
Ignacio hits you but does no damage.
You writhe in agony.
* * * LOW HITPOINT WARNING * * *
You feel much better. Ignacio barely misses you. You block Ignacio's attack. x3
Ignacio hits you but does no damage.
You writhe in agony!
Ignacio hits you with a +8 executioner's axe of pain!
* * * LOW HITPOINT WARNING * * *
You writhe in agony.
* * * LOW HITPOINT WARNING * * *
Ignacio hits you but does no damage.
You writhe in agony.
* * * LOW HITPOINT WARNING * * *
Ignacio hits you but does no damage.
You writhe in agony!
* * * LOW HITPOINT WARNING * * *
You block Ignacio's attack. x2; Ignacio hits you but does no damage.
You writhe in agony.
* * * LOW HITPOINT WARNING * * *
Ignacio hits you but does no damage.
You writhe in agony.
* * * LOW HITPOINT WARNING * * *
As you read the scroll of fear, it crumbles to dust.
You assume a fearsome visage.
Ignacio resists with some effort.
The sun demon looks frightened!
You block Ignacio's attack.
Ignacio hits you with a +8 executioner's axe of pain!
* * * LOW HITPOINT WARNING * * *
You writhe in agony.
* * * LOW HITPOINT WARNING * * *
Ignacio hits you but does no damage.
Ignacio hits you with a +8 executioner's axe of pain.
* * * LOW HITPOINT WARNING * * *
You writhe in agony.
* * * LOW HITPOINT WARNING * * *
You block Ignacio's attack. Ignacio misses you. x2
You block Ignacio's attack. Ignacio completely misses you.
Ignacio hits you but does no damage.
You writhe in agony.
* * * LOW HITPOINT WARNING * * *
Ignacio hits you with a +8 executioner's axe of pain.
* * * LOW HITPOINT WARNING * * *
Ignacio hits you with a +8 executioner's axe of pain.
* * * LOW HITPOINT WARNING * * *
You writhe in agony.
You die...

##...##......###.......
##...#..##....###.....##
.......####....##.#..##
.......# ##...#.#####
.......## ##.#.##
........# ##..###
........#####...#.#
.....∩.1..........##
##.....@###........#####
##..$)###.......#..#...
###..##........##....#
#.3.#..........##....
.....#........#..#....
......##......###......
.....(##......##.......
#.#######....... .
.[#......


You could see Ignacio (fast) and a sun demon (fleeing).

Vanquished Creatures
  the Royal Jelly (Slime:5)
  4 dread liches
  Mara (Snake:3)
  4 ancient liches
  9 orbs of fire
  A juggernaut (Zot:4)
  Josephina (Depths:2)
  Vv (Zot:3)
  A Killer Klown (Zot:5)
  Bai Suzhen (Elf:3)
  Parghit (Depths:4)
  Margery (Crypt:3)
  3 curse toes
  A shard shrike (Zot:4)
  Saint Roka (Crypt:3)
  A pandemonium lord (Arena)
  Geryon (Hell)
  Nikola (Depths:2)
  Jory (Vaults:2)
  13 golden dragons
  the Enchantress (Depths:4)
  A bone dragon (Zot:4)
  5 electric golems
  5 hellephants
  6 Brimstone Fiends
  A Tzitzimitl (Pan)
  Zenata (Elf:3)
  18 tentacled monstrosities
  25 Orb Guardians (Zot:5)
  Jorgrun (Shoals:2)
  A Hell Sentinel (Pan)
  Mlioglotl (Shoals:4)
  4 Ice Fiends (Pan)
  8 titans
  4 liches
  A deep elf blademaster (Elf:2)
  A walking frostbound tome (Depths:3)
  A walking earthen tome (Depths:3)
  A deep elf master archer (Elf:3)
  3 krakens
  6 quicksilver dragons
  Polyphemus (Shoals:3)
  4 Executioners (Pan)
  13 acid blobs
  19 death cobs
  6 ancient champions
  6 tentacled starspawn
  8 sphinxes
  9 tengu reavers
  Kirke (Shoals:3)
  5 draconian monks
  24 storm dragons
  8 rockslimes
  12 shadow dragons
  9 azure jellies
  5 draconian knights
  2 iron dragons
  2 revenants
  7 nagarajas (Snake:4)
  7 deep elf sorcerers
  2 demonspawn warmongers (Pan)
  4 ghost moths
  12 vault wardens
  7 frost giants
  Aizul (Snake:1)
  12 fire giants
  Louise (Snake:3)
  8 ghouls
  8 draconian scorchers
  5 spectral caustic shrikes (Depths:1)
  4 deep elf elementalists (Elf:3)
  7 draconian shifters
  3 balrugs
  11 draconian annihilators
  A cacodemon (Pan)
  2 draconian stormcallers
  3 orc warlords
  3 curse skulls
  4 spriggan defenders
  5 war gargoyles
  8 reapers
  9 demonspawn corrupters
  18 ironbound preservers
  13 quicksilver oozes
  2 demonspawn blood saints (Pan)
  2 caustic shrike skeletons (Crypt:1)
  15 stone giants
  11 very ugly things
  15 vampire knights
  7 green draconians
  5 ironbound thunderhulks
  10 deep elf demonologists
  4 demonspawn black suns (Pan)
  13 red draconians
  10 purple draconians
  16 black draconians
  3 lorocyprocas (Pan)
  2 dire elephants
  A minotaur (Gauntlet)
  11 deep elf annihilators
  10 white draconians
  11 spark wasps
  Nessos (Lair:5)
  4 blizzard demons
  12 yellow draconians
  Snorg (Lair:3)
  8 deep elf death magi
  4 merfolk javelineers (Shoals:4)
  10 fire dragons
  A crystal guardian (Vaults:3)
  8 eidola
  3 iron golems (Hell)
  4 green deaths
  10 jiangshi
  A kraken zombie (Hell)
  12 merfolk impalers
  A shambling mangrove (Abyss:3)
  A fire dragon (shapeshifter) (Depths:3)
  9 deep elf high priests
  8 ettins
  17 yaktaur captains
  3 entropy weavers
  3 peacekeepers (Vaults:3)
  14 great orbs of eyes
  2 spriggan zombies (Crypt:3)
  3 rakshasas
  2 fenstrider witch zombies
  2 hell beasts (Hell)
  2 salamander tyrants (Snake:2)
  7 hydras
  7 spriggan air magi
  A catoblepas (Shoals:3)
  5 anacondas
  2 alligator snapping turtles (Shoals:4)
  31 vault guards
  3 ogre magi
  3 merfolk avatars
  A ghost crab (Abyss:3)
  21 centaur warriors
  9 ice dragons
  7 boulder beetles
  4 merfolk aquamancers (WizLab)
  15 ironbound frosthearts
  37 dancing weapons
  26 naga warriors
  3 tengu warriors
  2 death scarabs (Gauntlet)
  6 satyrs
  16 two-headed ogres
  4 death knights
  7 deep troll earth magi
  12 deep troll shamans
  13 death yaks
  Urug (D:13)
  18 vampire magi
  13 hell hogs
  2 orc high priests
  6 shock serpents
  3 spriggan berserkers (Depths:3)
  4 thrashing horrors
  11 hell knights
  30 deep elf knights
  6 naga sharpshooters
  6 soul eaters
  13 sun demons
  13 skysharks
  A fire crab (Abyss:3)
  4 storm dragon zombies
  2 wretched stars (Abyss:3)
  6 sixfirhies
  5 salamander mystics
  Amaemon (Lair:1)
  A bunyip zombie (Crypt:1)
  4 iron trolls
  15 sea snakes
  23 skeletal warriors
  2 spectral death yaks (Gauntlet)
  2 golden dragon zombies (Crypt:3)
  A cherub (Pan)
  5 glowing orange brains
  A tengu zombie (Depths:1)
  5 flayed ghosts
  10 naga ritualists
  A spriggan druid (WizLab)
  59 deep trolls
  11 lindwurms
  3 shadow demons (Pan)
  18 wizards
  5 bog bodies
  9 orc knights
  21 deep elf archers
  16 ironbound convokers
  7 necromancers
  A wolf spider zombie (Crypt:1)
  A broodmother zombie (Crypt:2)
  16 phantasmal warriors
  15 manticores
  39 deep elf pyromancers
  30 deep elf zephyrmancers
  19 harpies
  A shining eye (shapeshifter) (Vaults:4)
  9 mana vipers
  35 ugly things
  2 oklob plants
  4 worldbinders (WizLab)
  2 fire giant zombies (Depths:1)
  17 salamanders
  30 moths of wrath
  6 orc sorcerers
  4 shining eyes
  6 cyclopes
  A jorogumo skeleton (Crypt:1)
  27 fauns
  An elephant (shapeshifter) (Depths:3)
  3 centaur zombies
  A frost giant skeleton (Crypt:3)
  6 elephants
  A black mamba (shapeshifter) (D:9)
  3 molten gargoyles
  3 eyes of devastation
  5 rust devils (Hell)
  Maurice (D:9)
  32 black mambas
  A torpor snail (shapeshifter) (Depths:2)
  12 merfolk sirens
  21 naga magi
  13 smoke demons
  A stone giant skeleton (Crypt:1)
  A titan simulacrum (Crypt:1)
  8 water nymphs
  7 guardian serpents
  20 vault sentinels
  A gargoyle (D:9)
  An apocalypse crab (Abyss:3)
  7 demonic crawlers
  A hellion (Hell)
  9 cane toads
  3 orange demons
  A centaur skeleton (Crypt:1)
  A death yak zombie (Crypt:3)
  A storm dragon simulacrum (Depths:2)
  38 yaktaurs
  3 minotaur zombies
  2 rime drakes
  3 efreet
  8 komodo dragons
  5 freezing wraiths
  A bunyip simulacrum (Crypt:1)
  9 tengu conjurers
  A golden dragon simulacrum (Depths:2)
  A sea snake zombie (Hell)
  3 ancient zymes (Lair:5)
  10 trolls
  2 ice devils
  2 harpy zombies (Crypt:3)
  7 hydra zombies
  4 red devils
  32 merfolk
  A sea snake skeleton (Hell)
  A troll (shapeshifter) (D:15)
  9 wind drakes
  A moth of wrath zombie (Crypt:2)
  5 polar bears
  11 snapping turtles
  4 hellwings (Pan)
  Prince Ribbit (Bailey)
  2 tengu simulacra (Depths:2)
  17 hornets
  32 blink frogs
  2 raiju
  A frost giant simulacrum (Depths:2)
  84 slime creatures
  10 spriggans
  A flying skull (Abyss:3)
  15 large abominations
  A spriggan skeleton (Depths:1)
  A fire dragon skeleton (Crypt:1)
  3 wraiths
  22 vampires
  10 ynoxinuls
  A culicivora (shapeshifter) (Lair:5)
  24 water elementals
  An air elemental (Elf:3)
  6 wyverns
  25 humans
  A hog (Shoals:3)
  A tyrant leech zombie (Crypt:3)
  9 golden eyes
  A golden eye (shapeshifter) (Elf:3)
  9 chaos spawn
  A fire elemental (Elf:2)
  2 steam dragons
  71 yaks
  4 vampire mosquitoes
  7 basilisks
  3 neqoxecs (Pan)
  4 redbacks
  A glowing shapeshifter zombie (Depths:1)
  5 wargs
  55 nagas
  A naga zombie (Crypt:1)
  3 hydra simulacra
  A spectral cane toad (Gauntlet)
  14 water moccasins
  A floating eye (Slime:2)
  A demonspawn skeleton (Crypt:1)
  43 orc warriors
  An ice beast (D:6)
  A sky beast (D:7)
  4 black bears
  A fire dragon simulacrum (Crypt:1)
  12 ogres
  9 wolves
  5 centaurs
  2 manticore skeletons
  13 small abominations
  6 kobold brigands
  A rime drake zombie (Crypt:1)
  29 bullfrogs
  5 gnoll sergeants (D:10)
  Blork the orc (D:5)
  6 necrophages
  2 earth elementals
  3 scorpions
  A cyclops skeleton (Crypt:1)
  9 wights
  10 killer bees
  6 electric eels
  A bullfrog zombie (D:5)
  4 howler monkeys
  5 hounds
  A quasit (Abyss:3)
  7 jellies
  15 orc priests
  A bullfrog skeleton (Crypt:3)
  4 sleepcaps
  4 iguanas
  22 orc wizards
  4 hell rats
  A boggart skeleton (Crypt:2)
  A deep dwarf zombie (Crypt:2)
  An ice beast zombie (Crypt:1)
  2 howler monkey zombies
  5 gnolls (D:10)
  A gnoll zombie (D:5)
  2 orc zombies (D:5)
  14 adders
  3 river rats (Sewer)
  2 shadow imps
  2 white imps
  An iguana zombie (Crypt:3)
  3 worms
  4 dart slugs
  86 orcs
  18 ball pythons
  8 bats
  11 endoplasms
  8 giant cockroaches
  7 goblins
  18 hobgoblins
  4 jackals (D:2)
  7 quokkas
  A ball python skeleton (Crypt:3)
  6 frilled lizards
  A frilled lizard skeleton (Crypt:3)
  2 frilled lizard zombies
  11 kobolds
  27 rats
  4 starspawn tentacles
  8 tentacles
2896 creatures vanquished.

Vanquished Creatures (others)
  Asterion (Snake:3)
  A deep elf knight (Elf:3)
  A black mamba (Snake:2)
  A water elemental (Elf:2)
  A human (Shoals:3)
  An orc wizard (Orc:2)
  An orc (Depths:1)
  A ball python (D:2)
  15 starspawn tentacles
  13 tentacles
36 creatures vanquished.

Grand Total: 2932 creatures vanquished

Notes
Turn   | Place    | Note
-------+----------+-------------------------------------------
     0 | D:1      | arthad the Gargoyle Fighter began the quest for the Orb.
     0 | D:1      | Reached XP level 1. HP: 14/14 MP: 1/1
   175 | D:1      | Reached XP level 2. HP: 18/19 MP: 2/2
   503 | D:1      | Reached XP level 3. HP: 14/24 MP: 3/3
  1142 | D:2      | Reached XP level 4. HP: 29/29 MP: 4/4
  1232 | D:2      | Reached skill level 4 in Armour
  1312 | D:2      | Reached XP level 5. HP: 33/33 MP: 5/5
  1934 | D:3      | Found a glowing drain.
  1963 | Sewer    | Entered a sewer
  2397 | Sewer    | Reached XP level 6. HP: 22/39 MP: 6/6
  2579 | Sewer    | Gained mutation: Your movements are slightly less
                  | encumbered by armour. (ER -2) [potion of mutation]
  2611 | Sewer    | Reached skill level 5 in Fighting
  2974 | D:3      | Reached skill level 5 in Armour
  3439 | D:4      | Reached XP level 7. HP: 14/44 MP: 7/7
  3452 | D:4      | Reached skill level 5 in Shields
  3674 | D:4      | Found a staircase to the Ecumenical Temple.
  3690 | Temple   | Entered the Ecumenical Temple
  3883 | Temple   | Became a worshipper of Warmaster Okawaru
  3957 | D:4      | Found Xoics's Elemental Accessories.
  4077 | D:4      | Found an ornate altar of the Wu Jian Council.
  4242 | D:4      | Found a burning altar of Makhleb.
  4320 | D:5      | Entered Level 5 of the Dungeon
  4320 | D:5      | Noticed Blork the orc
  4341 | D:5      | Killed Blork the orc
  4510 | D:5      | Reached XP level 8. HP: 51/51 MP: 8/8
  4541 | D:5      | Found a transporter.
  4567 | D:5      | Reached * piety under Okawaru
  4630 | D:5      | Reached skill level 5 in Maces & Flails
  4630 | D:5      | Reached skill level 6 in Armour
  4780 | D:5      | Found a basalt altar of Yredelemnul.
  5211 | D:5      | Found a transporter.
  5319 | D:6      | Reached skill level 1 in Throwing
  5319 | D:6      | Reached skill level 1 in Invocations
  5434 | D:6      | Found a shimmering altar of Xom.
  5434 | D:6      | Found a hazy altar of Hepliaklqana.
  5434 | D:6      | Found a hide-covered altar of Uskayaw.
  5435 | D:6      | Found an opulent altar of Gozag.
  5435 | D:6      | Found a shadowy altar of Dithmenos.
  5810 | D:6      | Reached ** piety under Okawaru
  6227 | D:7      | Reached XP level 9. HP: 56/56 MP: 10/10
  6428 | D:7      | Found a sparkling altar of Nemelex Xobeh.
  6472 | D:7      | Reached skill level 7 in Armour
  6803 | D:7      | Found a shimmering blue altar of Sif Muna.
  7167 | D:8      | Found a flagged portal.
  7176 | Bailey   | Entered a bailey
  7203 | Bailey   | Reached *** piety under Okawaru
  7428 | Bailey   | Reached XP level 10. HP: 50/64 MP: 12/12
  7446 | Bailey   | Reached skill level 8 in Armour
  7566 | Bailey   | Noticed Prince Ribbit
  7566 | Bailey   | Noticed a vault guard
  7581 | Bailey   | Killed a vault guard
  7581 | Bailey   | Reached **** piety under Okawaru
  7588 | Bailey   | Killed Prince Ribbit
  7729 | Bailey   | Noticed a vault guard
  7763 | Bailey   | Killed a vault guard
  8127 | D:8      | Identified the ring "Xidos" {rN+ SInv}
  8225 | D:8      | Reached ***** piety under Okawaru
  8437 | D:8      | Noticed a two-headed ogre
  8450 | D:8      | Killed a two-headed ogre
  8451 | D:8      | Reached skill level 9 in Armour
  8451 | D:8      | Reached XP level 11. HP: 12/71 MP: 14/14
  8820 | D:8      | Noticed a two-headed ogre
  8820 | D:8      | Noticed a two-headed ogre
  8830 | D:8      | Killed a two-headed ogre
  8840 | D:8      | Killed a two-headed ogre
  8853 | D:8      | Found the +12 pair of quick blades "Gyre" and "Gimble"
                  | {protect}
  8929 | D:9      | Noticed Maurice
  8935 | D:9      | Killed Maurice
  8935 | D:9      | Identified the +5 scale mail of the Endless Expanse
                  | {Rampage rC- Str+5} (Okawaru gifted it to you on level 9 of
                  | the Dungeon)
  8935 | D:9      | Received a gift from Okawaru
  8951 | D:9      | Identified 2 scrolls of acquirement
  8952 | D:9      | Acquired a manual of Armour
  8954 | D:9      | Acquired the +1 plate armour of the Nexus {MP+9 Str+6
                  | Stlth-}
  9076 | D:9      | Noticed a two-headed ogre
  9083 | D:9      | Killed a two-headed ogre
  9084 | D:9      | Reached skill level 1 in Short Blades
  9244 | D:9      | Reached skill level 5 in Invocations
  9322 | D:9      | Reached skill level 10 in Armour
  9614 | D:9      | Noticed a boulder beetle
  9615 | D:9      | Noticed an entropy weaver
  9659 | D:9      | Reached skill level 10 in Fighting
  9679 | D:9      | Noticed a red ugly thing
  9679 | D:9      | Noticed a cyclops
  9691 | D:9      | Killed a cyclops
  9706 | D:9      | Killed a red ugly thing
  9722 | D:9      | Killed a boulder beetle
  9732 | D:9      | Reached skill level 11 in Armour
  9742 | D:9      | Noticed a two-headed ogre
  9755 | D:9      | Killed a two-headed ogre
  9756 | D:9      | Reached XP level 12. HP: 26/78 MP: 16/16
  9989 | D:9      | Noticed a boulder beetle
 10012 | D:9      | Killed a boulder beetle
 10056 | D:9      | Noticed a two-headed ogre
 10068 | D:9      | Killed a two-headed ogre
 10068 | D:9      | Identified the +0 pair of gloves of the Cockroach {Int+3
                  | Stlth+} (Okawaru gifted it to you on level 9 of the
                  | Dungeon)
 10068 | D:9      | Received a gift from Okawaru
 10209 | D:9      | Identified the +6 flail of Nainood {freeze, Dex+4 SInv}
 10322 | D:9      | Reached skill level 5 in Throwing
 10466 | D:10     | Entered Level 10 of the Dungeon
 10822 | D:10     | Reached skill level 12 in Armour
 10898 | D:10     | Noticed a two-headed ogre
 10910 | D:10     | Killed a two-headed ogre
 11070 | D:10     | Noticed a two-headed ogre
 11083 | D:10     | Killed a two-headed ogre
 11117 | D:10     | Found a staircase to the Orcish Mines.
 11350 | D:10     | Noticed a six-headed hydra
 11359 | D:10     | Noticed a centaur warrior
 11364 | D:10     | Killed a six-headed hydra
 11370 | D:10     | Killed a centaur warrior
 11692 | D:11     | Reached skill level 10 in Shields
 12055 | D:11     | Found a staircase to the Lair.
 12238 | D:11     | Reached skill level 13 in Armour
 12246 | D:11     | Identified the +3 pair of gloves "Ylyt" {Harm Will+ Dex+3}
                  | (Okawaru gifted it to you on level 11 of the Dungeon)
 12246 | D:11     | Received a gift from Okawaru
 12420 | D:11     | Reached XP level 13. HP: 81/84 MP: 18/18
 12584 | D:11     | Found a blossoming altar of Fedhas.
 12748 | D:12     | You fall into a shaft and drop 2 floors!
 12799 | D:14     | Found a flickering gateway to a bazaar.
 12810 | Bazaar   | Entered a bazaar
 12810 | Bazaar   | Found Qeirril's Armour Shoppe.
 12810 | Bazaar   | Found Basyuvi's Jewellery Emporium.
 12812 | Bazaar   | Found Litaecs's Distillery.
 12828 | Bazaar   | Found Wiestol's Weapon Emporium.
 12852 | Bazaar   | Bought a potion of heal wounds for 35 gold pieces
 12852 | Bazaar   | Bought a potion of might for 28 gold pieces
 12856 | Bazaar   | Bought the +0 cloak of Gestures {Dex+4} for 179 gold pieces
 12874 | Bazaar   | Bought an amulet of regeneration for 420 gold pieces
 12898 | Bazaar   | Bought a potion of ambrosia for 56 gold pieces
 13009 | D:14     | Reached skill level 5 in Short Blades
 13067 | D:13     | Noticed a great orb of eyes
 13067 | D:13     | Noticed Urug
 13152 | Arena    | Entered the Arena
 13398 | D:12     | Identified the +9 great mace of Pidun {freeze, Int+4}
 14032 | D:12     | Reached skill level 14 in Armour
 14097 | D:13     | Found a gate to the Vaults.
 14240 | D:13     | Killed a great orb of eyes
 14314 | D:13     | Killed Urug
 14373 | D:13     | Reached skill level 10 in Maces & Flails
 14383 | D:13     | Identified the +9 hand crossbow "Kuululej" {flame, *Corrode
                  | rN+++ Dex+5} (Okawaru gifted it to you on level 13 of the
                  | Dungeon)
 14383 | D:13     | Received a gift from Okawaru
 14546 | D:13     | Gained mutation: Your large and strong wings let you fly.
                  | [Gargoyle growth]
 14546 | D:13     | Reached XP level 14. HP: 92/92 MP: 19/19
 15026 | D:14     | Reached skill level 15 in Armour
 15284 | D:14     | Received a gift from Okawaru
 15648 | D:15     | Entered Level 15 of the Dungeon
 16101 | D:15     | Reached ****** piety under Okawaru
 16101 | D:15     | Received a gift from Okawaru
 16119 | D:15     | Noticed a stone giant
 16133 | D:15     | Found a staircase to the Depths.
 16194 | D:15     | Killed a stone giant
 16505 | Lair:1   | Entered Level 1 of the Lair of Beasts
 16828 | Lair:1   | Noticed Amaemon
 16840 | Lair:1   | Killed Amaemon
 16841 | Lair:1   | Reached skill level 16 in Armour
 16844 | Lair:1   | Identified the +1 pair of boots of Happiness {Slay+3}
                  | (Okawaru gifted it to you on level 1 of the Lair of Beasts)
 16844 | Lair:1   | Received a gift from Okawaru
 17341 | Lair:2   | Found a staircase to the Snake Pit.
 17471 | Lair:2   | Found a staircase to the Shoals.
 17640 | Lair:2   | Found a hazy altar of Hepliaklqana.
 18024 | Lair:3   | Noticed Snorg
 18033 | Lair:3   | Killed Snorg
 18185 | Lair:3   | Reached XP level 15. HP: 99/99 MP: 21/21
 18980 | Lair:4   | Found a gate leading to a gauntlet.
 18993 | Gauntlet | Entered a Gauntlet
 18993 | Gauntlet | Found a transporter.
 19001 | Gauntlet | Found a transporter.
 19003 | Gauntlet | Found a transporter.
 19010 | Gauntlet | Found a transporter.
 19025 | Gauntlet | Found a transporter.
 19030 | Gauntlet | Found a transporter.
 19052 | Gauntlet | Found a transporter.
 19066 | Gauntlet | Found a transporter.
 19075 | Gauntlet | Found a transporter.
 19090 | Gauntlet | Found a transporter.
 19095 | Gauntlet | Found a transporter.
 19097 | Gauntlet | Found a transporter.
 19112 | Gauntlet | Found a large runed translucent door.
 19113 | Gauntlet | Found a large runed translucent door.
 19114 | Gauntlet | Found a large runed translucent door.
 19114 | Gauntlet | Found a large runed translucent door.
 19115 | Gauntlet | Found a runed translucent gate.
 19116 | Gauntlet | Found a transporter.
 19116 | Gauntlet | Found a runed translucent gate.
 19117 | Gauntlet | Found a runed translucent gate.
 19118 | Gauntlet | Found a large runed translucent door.
 19118 | Gauntlet | Found a large runed translucent door.
 19118 | Gauntlet | Found a runed translucent door.
 19118 | Gauntlet | Found a runed translucent door.
 19119 | Gauntlet | Found a large runed translucent door.
 19120 | Gauntlet | Found a large runed translucent door.
 19122 | Gauntlet | Found a transporter.
 19129 | Gauntlet | Found a large runed translucent door.
 19129 | Gauntlet | Found a large runed translucent door.
 19130 | Gauntlet | Found a large runed translucent door.
 19131 | Gauntlet | Found a large runed translucent door.
 19139 | Gauntlet | Found a transporter.
 19141 | Gauntlet | Found a large runed translucent door.
 19141 | Gauntlet | Found a large runed translucent door.
 19142 | Gauntlet | Found a large runed translucent door.
 19143 | Gauntlet | Found a large runed translucent door.
 19145 | Gauntlet | Found a transporter.
 19184 | Gauntlet | Found a transporter.
 19212 | Gauntlet | Found a transporter.
 19527 | Gauntlet | Received a gift from Okawaru
 19529 | Gauntlet | Reached skill level 17 in Armour
 19536 | Gauntlet | Identified the ring of Departure {Wiz Int+2}
 19563 | Gauntlet | Identified the ring "Baadinne" {Fire rElec Will+ Int+3}
 19578 | Gauntlet | Identified the ring of the Evening {rN+ SInv}
 20377 | Lair:5   | Entered Level 5 of the Lair of Beasts
 20398 | Lair:5   | Identified the +7 tower shield of Mideirer {Str+3} (Okawaru
                  | gifted it to you on level 5 of the Lair of Beasts)
 20398 | Lair:5   | Received a gift from Okawaru
 20627 | Lair:5   | Reached skill level 1 in Evocations
 20648 | Arena    | Entered the Arena
 20691 | Lair:5   | Noticed an azure jelly
 20701 | Lair:5   | Killed an azure jelly
 20709 | Lair:5   | Paralysed by a great orb of eyes for 5 turns
 20758 | Lair:5   | Reached XP level 16. HP: 93/107 MP: 23/23
 21045 | Lair:5   | Received a gift from Okawaru
 21117 | Lair:5   | Acquired a manual of Invocations
 21217 | Lair:5   | Noticed Nessos
 21222 | Lair:5   | Identified the +2 pair of gloves "Teng" {Str+3} (Okawaru
                  | gifted it to you on level 5 of the Lair of Beasts)
 21222 | Lair:5   | Received a gift from Okawaru
 21236 | Lair:5   | Killed Nessos
 21307 | Lair:5   | Found a staircase to the Slime Pits.
 21450 | Lair:5   | Reached skill level 18 in Armour
 21578 | Lair:5   | Reached skill level 10 in Invocations
 21582 | Lair:5   | Found a corrupted altar of Lugonu.
 21582 | Lair:5   | Found a one-way gate to the infinite horrors of the Abyss.
 22002 | Orc:1    | Entered Level 1 of the Orcish Mines
 22212 | Orc:2    | Entered Level 2 of the Orcish Mines
 22251 | Orc:2    | Found a staircase to the Elven Halls.
 22571 | Orc:2    | Reached skill level 15 in Fighting
 22760 | Orc:2    | Found Dagheps's Antique Weapon Boutique.
 22766 | Orc:2    | Found Jeasmem's Antique Armour Boutique.
 22768 | Orc:2    | Found Urhilelu's General Store.
 22778 | Orc:2    | Bought a potion of heal wounds for 70 gold pieces
 22786 | Orc:2    | Found Gagukk's Book Boutique.
 22827 | Orc:2    | Bought a glowing scarf for 232 gold pieces
 23348 | Orc:1    | Paralysed by something for 5 turns
 23702 | Shoals:1 | Entered Level 1 of the Shoals
 23773 | Shoals:1 | Found the +9 scales of the Dragon King {rPois rF+ rC+
                  | Will+}
 23869 | Shoals:1 | Received a gift from Okawaru
 24034 | Shoals:1 | Found a runed translucent door.
 24158 | Shoals:1 | Reached XP level 17. HP: 113/113 MP: 25/25
 24631 | Shoals:1 | Identified the +1 chain mail "Niohe" {rN++ Regen+ Stlth+}
                  | (Okawaru gifted it to you on level 1 of the Shoals)
 24631 | Shoals:1 | Received a gift from Okawaru
 24644 | Shoals:1 | Identified the +7 shortbow of Ufotatt {heavy, rN+ rCorr
                  | Str+4 Int-2}
 24821 | Shoals:2 | Noticed Jorgrun
 24843 | Shoals:2 | Killed Jorgrun
 25408 | Shoals:3 | Noticed Kirke
 25423 | Shoals:3 | Killed Kirke
 25466 | Shoals:3 | Found Vifiax's Distillery.
 25480 | Shoals:3 | Reached skill level 15 in Shields
 25493 | Shoals:3 | Bought 2 potions of curing for 78 gold pieces
 25493 | Shoals:3 | Bought a potion of curing for 39 gold pieces
 25503 | Shoals:3 | Found Uhukloradd's Assorted Antiques.
 25507 | Shoals:3 | Noticed Polyphemus
 25512 | Shoals:3 | Received a gift from Okawaru
 25525 | Shoals:3 | Killed Polyphemus
 25530 | Shoals:3 | Identified the scarf of Saqalauzopt {shadows, Rampage +Inv
                  | rCorr} (Okawaru gifted it to you on level 3 of the Shoals)
 25530 | Shoals:3 | Received a gift from Okawaru
 25624 | Shoals:3 | Found Sukith's Jewellery Shop.
 25650 | Shoals:3 | Found Wuxtunuw's Antique Weapon Shoppe.
 25826 | Shoals:3 | Found Taontunub's Assorted Antiques.
 26107 | Shoals:3 | Reached skill level 19 in Armour
 26392 | Shoals:4 | Entered Level 4 of the Shoals
 26498 | Shoals:4 | Reached XP level 18. HP: 120/120 MP: 28/28
 26609 | Shoals:4 | Reached skill level 1 in Dodging
 26699 | Shoals:4 | Noticed Mlioglotl
 26711 | Shoals:4 | Killed Mlioglotl
 26711 | Shoals:4 | Received a gift from Okawaru
 26717 | Shoals:4 | Got a barnacled rune of Zot
 27122 | Shoals:4 | Identified the +1 robe of Boceron {rElec Dex+4 Slay+3
                  | Stlth+} (Okawaru gifted it to you on level 4 of the Shoals)
 27122 | Shoals:4 | Received a gift from Okawaru
 27126 | Shoals:4 | Reached skill level 5 in Evocations
 27561 | Shoals:4 | Identified the staff of cold "Babia" {Fly rC+}
 27699 | Snake:1  | Entered Level 1 of the Snake Pit
 27797 | Snake:1  | You are sucked into a shaft and drop 1 floor!
 27883 | Snake:2  | Identified the +1 pair of gloves of Demons {rPois rC+ Str-2
                  | Int+4}
 27907 | Snake:1  | Noticed Aizul
 27914 | Snake:1  | Killed Aizul
 29119 | Snake:2  | Received a gift from Okawaru
 29172 | Snake:2  | Found Jalakk's Distillery.
 29179 | Snake:2  | Bought a potion of heal wounds for 70 gold pieces
 29179 | Snake:2  | Bought a potion of might for 56 gold pieces
 29179 | Snake:2  | Bought a potion of heal wounds for 70 gold pieces
 29179 | Snake:2  | Bought a potion of might for 56 gold pieces
 29179 | Snake:2  | Bought a potion of heal wounds for 70 gold pieces
 29179 | Snake:2  | Bought a potion of heal wounds for 70 gold pieces
 29181 | Snake:2  | Found a transporter.
 29200 | Snake:2  | Reached skill level 15 in Invocations
 29211 | Snake:2  | Found a transporter.
 29218 | Snake:2  | Noticed spardeous's ghost (adept MiBe)
 29383 | Snake:2  | Found a transporter.
 29383 | Snake:2  | Found a transporter.
 29544 | Snake:2  | Identified the +4 eveningstar "Exoatoreu" {heavy, rPois
                  | Stlth+} (Okawaru gifted it to you on level 2 of the Snake
                  | Pit)
 29544 | Snake:2  | Received a gift from Okawaru
 29602 | Snake:2  | Identified the +0 cloak of Xeptan {rElec Dex+3}
 29796 | Snake:3  | Reached XP level 19. HP: 110/127 MP: 30/30
 29833 | Snake:3  | Noticed Asterion
 29839 | Snake:3  | Killed Asterion
 29987 | Snake:3  | Noticed Mara
 29997 | Snake:3  | Killed Mara
 30035 | Snake:3  | Received a gift from Okawaru
 30136 | Snake:3  | Found Alil Loc's Armour Boutique.
 30259 | Snake:3  | Noticed Louise
 30269 | Abyss:3  | Cast into level 3 of the Abyss (Louise)
 30296 | Abyss:3  | Found a corrupted altar of Lugonu.
 30301 | Abyss:3  | Found a basalt altar of Yredelemnul.
 30335 | Abyss:3  | Noticed a tentacled monstrosity
 30335 | Abyss:3  | Noticed a tentacled monstrosity
 30345 | Abyss:3  | Killed a tentacled monstrosity
 30359 | Abyss:3  | Killed a tentacled monstrosity
 30390 | Abyss:3  | Got an abyssal rune of Zot
 30412 | Abyss:3  | Found a corrupted altar of Lugonu.
 30460 | Abyss:3  | Reached skill level 15 in Maces & Flails
 30504 | Snake:3  | Escaped the Abyss
 30513 | Snake:3  | Killed Louise
 30864 | Snake:4  | Entered Level 4 of the Snake Pit
 30896 | Snake:4  | Received a gift from Okawaru
 30986 | Snake:4  | Received a gift from Okawaru
 31011 | Arena    | Entered the Arena
 31116 | Snake:4  | Reached skill level 20 in Armour
 31342 | Snake:4  | Found Xeokofun's General Store.
 31344 | Snake:4  | Found Uniodunk's Assorted Antiques.
 31346 | Snake:4  | Found Uloqagan's Weapon Boutique.
 31349 | Snake:4  | Bought a scroll of enchant armour for 90 gold pieces
 31415 | Snake:4  | Received a gift from Okawaru
 31418 | Arena    | Entered the Arena
 31616 | Snake:4  | Reached XP level 20. HP: 129/134 MP: 32/32
 31949 | Snake:4  | Got a serpentine rune of Zot
 32158 | Vaults:1 | Entered Level 1 of the Vaults
 32256 | Arena    | Entered the Arena
 32261 | Arena    | Reached skill level 10 in Throwing
 33015 | Vaults:1 | Found Atu Neesied's Antique Weapon Shop.
 33258 | Vaults:1 | Received a gift from Okawaru
 33601 | Vaults:2 | Received a gift from Okawaru
 33829 | Vaults:2 | Identified the +4 mace "Umuhawos" {freeze, Dex+3} (Okawaru
                  | gifted it to you on level 2 of the Vaults)
 33829 | Vaults:2 | Received a gift from Okawaru
 34066 | Vaults:2 | Noticed Jory
 34095 | Vaults:2 | Killed Jory
 34328 | Vaults:2 | Acquired the +3 crown of Dyrovepreva {rElec Int+2 SInv}
 34328 | Vaults:2 | Found the +3 crown of Dyrovepreva {rElec Int+2 SInv}
 34723 | Vaults:3 | Reached XP level 21. HP: 141/141 MP: 33/33
 34773 | Vaults:3 | Found a magical portal.
 34781 | WizLab   | Entered Alistair's Party Mansion
 34794 | WizLab   | Received a gift from Okawaru
 34965 | WizLab   | Noticed a golden dragon
 34965 | WizLab   | Noticed a golden dragon
 34967 | WizLab   | Noticed a golden dragon
 34969 | Arena    | Entered the Arena
 34976 | Arena    | Noticed a golden dragon
 34976 | Arena    | Noticed a golden dragon
 35068 | WizLab   | Acquired a manual of Throwing
 35111 | WizLab   | Noticed a golden dragon
 35111 | WizLab   | Noticed a golden dragon
 35116 | WizLab   | Reached skill level 5 in Dodging
 35583 | Vaults:3 | Received a gift from Okawaru
 35672 | Vaults:3 | Received a gift from Okawaru
 35917 | Vaults:3 | Identified the +3 rapier of Traps {antimagic, Int+3 Dex+5}
 35935 | Vaults:3 | Received a gift from Okawaru
 36009 | Vaults:3 | Reached skill level 21 in Armour
 36181 | Vaults:3 | Found a staircase to the Crypt.
 36196 | Vaults:3 | Received a gift from Okawaru
 36746 | Vaults:4 | Paralysed by a sphinx for 2 turns
 36863 | Vaults:4 | Identified the ring "Hohyas" {Fly rElec rF+ Str+3 Dex+3}
 37005 | Vaults:4 | Identified the scarf of the Equinox {shadows, Str+4}
                  | (Okawaru gifted it to you on level 4 of the Vaults)
 37005 | Vaults:4 | Received a gift from Okawaru
 37098 | Vaults:4 | Found Qynt's Weapon Boutique.
 37193 | Vaults:4 | Identified the +0 cloak of the Moon Troll {Regen+}
 37273 | Vaults:4 | Reached XP level 22. HP: 141/148 MP: 35/35
 37743 | Vaults:5 | Entered Level 5 of the Vaults
 38241 | Depths:1 | Entered Level 1 of the Depths
 38422 | Depths:1 | Found a gateway to Hell.
 38469 | Depths:1 | Received a gift from Okawaru
 38694 | Depths:1 | Found Ziageniwi's General Store.
 38728 | Depths:1 | Found a runed translucent door.
 38758 | Depths:1 | Found a one-way gateway to a ziggurat.
 38912 | Depths:1 | Received a gift from Okawaru
 39273 | Depths:1 | Found a shimmering blue altar of Sif Muna.
 39372 | Depths:1 | Identified the +5 great sword of Mireim {elec, Int+2}
 39404 | Depths:1 | Noticed an ancient lich
 39407 | Depths:1 | Noticed an ancient lich
 39413 | Depths:1 | Killed an ancient lich
 39426 | Depths:1 | Killed an ancient lich
 39474 | Depths:1 | Got Sif Muna's Precepts of Ensnaring Superposition
 39476 | Depths:1 | Got the Exposition on Reconstruction
 39491 | Depths:1 | Got the Reference Book on Fiery Clouds
 39524 | Depths:1 | Got the Grimoire of Hexes and Combat Magic
 39538 | Depths:1 | Got Sif Muna's Atlas of the Vile Storm
 39558 | Depths:1 | Got the Grimoire of the Meteoric Arsonist
 39569 | Depths:1 | Got the Omnibus of the Transforming Dragon
 39812 | Arena    | Entered the Arena
 39844 | Depths:2 | Received a gift from Okawaru
 39893 | Depths:2 | Identified the staff of cold "Uzis Fui" {rF+ rC+}
 39893 | Depths:2 | Identified the ring of the Coward {Ice *Slow rElec Int+3}
 39893 | Depths:2 | Noticed Josephina
 39911 | Depths:2 | Killed Josephina
 39912 | Depths:2 | Reached XP level 23. HP: 153/155 MP: 36/36
 39920 | Depths:2 | Received a gift from Okawaru
 40095 | Depths:2 | Noticed Nikola
 40109 | Depths:2 | Killed Nikola
 40109 | Depths:2 | Received a gift from Okawaru
 40206 | Depths:2 | Found a stormy altar of Qazlal.
 40363 | Depths:2 | Found Tolog's Tiny Tomes.
 40394 | Depths:2 | Found a one-way gate leading to the halls of Pandemonium.
 40532 | Depths:3 | Received a gift from Okawaru
 40628 | Depths:3 | Received a gift from Okawaru
 40947 | Depths:3 | Found Tontuuci's Antique Weapon Emporium.
 40950 | Depths:3 | Found Corif's Armour Emporium.
 40950 | Depths:3 | Found Jesifi's Antique Armour Shoppe.
 40954 | Depths:3 | Found Qeobuala's Armour Shoppe.
 41040 | Depths:3 | Reached skill level 22 in Armour
 41214 | Depths:3 | Noticed a golden dragon
 41224 | Depths:3 | Killed a golden dragon
 41225 | Depths:3 | Identified the ring of the Everdark {rC+ Dex+6}
 41260 | Depths:3 | Identified the ring of Winter {Fly rF+ Stlth+}
 41367 | Depths:4 | Entered Level 4 of the Depths
 41436 | Depths:4 | Noticed Parghit
 41445 | Depths:4 | Received a gift from Okawaru
 41540 | Depths:4 | Found a corrupted altar of Lugonu.
 41725 | Depths:4 | Noticed the Enchantress
 41750 | Depths:4 | Killed the Enchantress
 41755 | Depths:4 | Reached XP level 24. HP: 123/163 MP: 36/36
 41756 | Depths:4 | Received a gift from Okawaru
 41785 | Depths:4 | Killed Parghit
 42162 | Depths:4 | Found a hide-covered altar of Uskayaw.
 42246 | Depths:4 | Found a gate to the Realm of Zot.
 42752 | Elf:1    | Entered Level 1 of the Elven Halls
 42754 | Elf:1    | Identified the +0 pair of boots of the New World {rPois}
                  | (Okawaru gifted it to you on level 1 of the Elven Halls)
 42754 | Elf:1    | Received a gift from Okawaru
 42964 | Elf:1    | You are sucked into a shaft and drop 1 floor!
 42965 | Elf:2    | Found a huge runed translucent gate.
 42965 | Elf:2    | Found a huge runed translucent gate.
 42965 | Elf:2    | Found a huge runed translucent gate.
 42972 | Elf:2    | Found a huge runed translucent gate.
 42974 | Elf:2    | Found a huge runed translucent gate.
 43459 | Elf:1    | Found a shimmering blue altar of Sif Muna.
 44293 | Elf:2    | Received a gift from Okawaru
 44655 | Elf:3    | Entered Level 3 of the Elven Halls
 44682 | Elf:3    | Noticed Zenata
 44705 | Elf:3    | Killed Zenata
 44780 | Elf:3    | Found a flickering gateway to a bazaar.
 44795 | Elf:3    | Identified the +2 cloak of the Unseen Realm {rPois Int+3
                  | Dex-3} (Okawaru gifted it to you on level 3 of the Elven
                  | Halls)
 44795 | Elf:3    | Received a gift from Okawaru
 44817 | Bazaar   | Entered a bazaar
 44817 | Bazaar   | Found Zaidad's Weapon Boutique.
 44817 | Bazaar   | Found Qenauxa's Jewellery Boutique.
 44817 | Bazaar   | Found Vediw's Distillery.
 44817 | Bazaar   | Found Gudghireu's Assorted Antiques.
 44817 | Bazaar   | Found Zugeyrch's Antique Armour Boutique.
 44826 | Bazaar   | Bought a potion of heal wounds for 105 gold pieces
 44830 | Bazaar   | Bought a potion of heal wounds for 60 gold pieces
 44838 | Bazaar   | Bought a potion of curing for 36 gold pieces
 44995 | Elf:3    | Reached XP level 25. HP: 170/170 MP: 37/37
 45001 | Elf:3    | Reached skill level 23 in Armour
 45037 | Elf:3    | Noticed Bai Suzhen
 45064 | Elf:3    | Killed Bai Suzhen
 45369 | Elf:3    | Identified the +8 triple crossbow "Xaucocue" {antimagic,
                  | Fly rF- rN+++}
 45371 | Elf:3    | Identified the ring "Jiesin Gata" {rPois rCorr Str+3
                  | Stlth+}
 45389 | Elf:3    | Identified the +6 quarterstaff "Quorr" {venom, rElec Will-
                  | Int+5}
 45389 | Elf:3    | Identified the ring "Dapoepro" {Ice rN+ Stlth+}
 45399 | Arena    | Entered the Arena
 45717 | Elf:3    | Got Kikubaaqudgha's Parchment of Unhallowed Liturgies
 45730 | Elf:3    | Identified the +0 ring mail "Rotwercho" {rN++ rCorr SInv
                  | Stlth-}
 45744 | Elf:3    | Got the Handbook of the Befouled Xenotype
 46286 | Slime:1  | Entered Level 1 of the Pits of Slime
 46352 | Slime:3  | You are sucked into a shaft and drop 1 floor!
 46388 | Slime:4  | Gained mutation: You have a pair of small antennae on your
                  | head. [a shining eye]
 46390 | Slime:4  | Gained mutation: You have hidden genetic defects. [a
                  | shining eye]
 46410 | Slime:5  | Entered Level 5 of the Pits of Slime
 46442 | Slime:5  | Gained mutation: Your body sometimes deteriorates upon
                  | taking damage. [a shining eye]
 46444 | Slime:5  | Gained mutation: You are dopey. (Int -2) [a shining eye]
 46446 | Slime:5  | Received a gift from Okawaru
 46457 | Slime:5  | Gained mutation: You are frail. (-10% HP) [a shining eye]
 46617 | Slime:5  | Gained mutation: You are very frail. (-20% HP) [a shining
                  | eye]
 46619 | Slime:5  | Gained mutation: You are clumsy. (Dex -2) [a shining eye]
 46701 | Slime:5  | Received a gift from Okawaru
 46717 | Slime:5  | Noticed the Royal Jelly
 46740 | Slime:5  | Killed the Royal Jelly
 46774 | Arena    | Entered the Arena
 46778 | Arena    | Gained mutation: You occasionally lose the ability to drink
                  | potions when taking damage. [hidden defects]
 46781 | Arena    | Lost mutation: You are dopey. (Int -2) [potion of mutation]
 46781 | Arena    | Lost mutation: You occasionally lose the ability to drink
                  | potions when taking damage. [potion of mutation]
 46781 | Arena    | Lost mutation: You have hidden genetic defects. [potion of
                  | mutation]
 46781 | Arena    | Gained mutation: You are extremely frail. (-30% HP) [potion
                  | of mutation]
 46781 | Arena    | Gained mutation: You occasionally lose the ability to read
                  | scrolls when taking damage. [potion of mutation]
 46781 | Arena    | Lost mutation: You occasionally lose the ability to read
                  | scrolls when taking damage. [potion of mutation]
 46781 | Arena    | Gained mutation: Your movements are less encumbered by
                  | armour. (ER -4) [potion of mutation]
 46782 | Arena    | Lost mutation: You are extremely frail. (-30% HP) [potion
                  | of mutation]
 46782 | Arena    | Lost mutation: You are clumsy. (Dex -2) [potion of
                  | mutation]
 46782 | Arena    | Lost mutation: You are very frail. (-20% HP) [potion of
                  | mutation]
 46782 | Arena    | Gained mutation: You are clumsy. (Dex -2) [potion of
                  | mutation]
 46782 | Arena    | Gained mutation: You possess an exceptional clarity of
                  | mind. [potion of mutation]
 46783 | Arena    | Lost mutation: You have a pair of small antennae on your
                  | head. [potion of mutation]
 46783 | Arena    | Lost mutation: You are frail. (-10% HP) [potion of
                  | mutation]
 46783 | Arena    | Lost mutation: You are clumsy. (Dex -2) [potion of
                  | mutation]
 46783 | Arena    | Gained mutation: Your muscles are strong. (Str +4, Int/Dex
                  | -1) [potion of mutation]
 46867 | Slime:5  | Identified the +4 scale mail "Voitsul" {Contam rN+ Str+3}
 46893 | Slime:5  | Identified the orb "Foefot" {guile, Str+2}
 46896 | Slime:5  | Identified the +5 flail "Ylim" {drain, +Blink}
 46928 | Slime:5  | Identified the +2 robe "Osufaac" {+Blink rC- rCorr Str+3}
 46958 | Slime:5  | Identified the staff of conjuration "Utefanox" {Drain rC++
                  | Dex+3}
 46968 | Slime:5  | Identified the +1 leather armour of the Unbroken {Drain
                  | rPois Str+4}
 46971 | Slime:5  | Got a slimy rune of Zot
 47187 | Slime:2  | Gained mutation: Your spells are a little easier to cast,
                  | but a little less powerful. [a shining eye]
 47199 | Slime:2  | Paralysed by a floating eye for 3 turns
 47205 | Slime:2  | Paralysed by a floating eye for 3 turns
 47750 | Crypt:1  | Entered Level 1 of the Crypt
 47803 | Crypt:1  | Received a gift from Okawaru
 47964 | Crypt:1  | Received a gift from Okawaru
 48172 | Crypt:1  | Found a hide-covered altar of Uskayaw.
 48197 | Crypt:1  | Reached XP level 26. HP: 178/178 MP: 37/37
 48394 | Crypt:1  | Received a gift from Okawaru
 49468 | Crypt:3  | Entered Level 3 of the Crypt
 49470 | Crypt:3  | Noticed an ancient lich
 49480 | Crypt:3  | Reached skill level 15 in Throwing
 49486 | Crypt:3  | Killed an ancient lich
 49876 | Crypt:3  | Identified the +5 rapier "Zegu Puint" {venom, Contam Str+3
                  | Int+7 Stlth+}
 49911 | Crypt:3  | Reached skill level 24 in Armour
 50029 | Crypt:3  | Received a gift from Okawaru
 50173 | Crypt:3  | Noticed Saint Roka
 50261 | Crypt:3  | Killed Saint Roka
 50261 | Crypt:3  | Received a gift from Okawaru
 50607 | Crypt:3  | Found an ancient bone altar of Kikubaaqudgha.
 50796 | Crypt:3  | Identified the ring "Huwkesch" {rN+ rCorr Dex+2}
 50796 | Crypt:3  | Identified the ring "Kalatoroo" {rN+ Str+3}
 50796 | Crypt:3  | Identified the ring "Asiruife" {*Corrode rN+ Dex+4 Stlth+}
 50898 | Crypt:3  | Found a staircase to the Tomb.
 50898 | Crypt:3  | Noticed Margery
 50911 | Crypt:3  | Killed Margery
 51367 | Zot:1    | Entered Level 1 of the Realm of Zot
 51692 | Zot:1    | Noticed an orb of fire
 51696 | Zot:1    | Gained mutation: Your spells are easier to cast, but less
                  | powerful. [an orb of fire]
 51698 | Zot:1    | Gained mutation: You are clumsy. (Dex -2) [an orb of fire]
 51981 | Zot:1    | Killed an orb of fire
 52081 | Zot:1    | Reached XP level 27. HP: 185/185 MP: 37/37
 52125 | Zot:1    | Received a gift from Okawaru
 53158 | Zot:2    | Received a gift from Okawaru
 53323 | Zot:2    | HP: 1/186 [yellow draconian annihilator/crystal spear (52)]
 53326 | Arena    | Entered the Arena
 53918 | Arena    | Entered the Arena
 54303 | Zot:3    | Noticed Vv
 54324 | Zot:3    | Killed Vv
 54900 | Zot:4    | Reached skill level 25 in Armour
 54930 | Zot:4    | Reached skill level 10 in Dodging
 55081 | Zot:4    | Noticed a juggernaut
 55085 | Arena    | Entered the Arena
 55413 | Zot:4    | Received a gift from Okawaru
 55445 | Zot:4    | Killed a juggernaut
 55456 | Zot:4    | Received a gift from Okawaru
 55574 | Zot:4    | Noticed an orb of fire
 55580 | Zot:4    | Lost mutation: Your spells are easier to cast, but less
                  | powerful. [an orb of fire]
 55582 | Zot:4    | Lost mutation: Your muscles are strong. (Str +4, Int/Dex
                  | -1) [an orb of fire]
 55589 | Zot:4    | Killed an orb of fire
 55589 | Zot:4    | Received a gift from Okawaru
 55781 | Zot:4    | Noticed Pongem's ghost (legendary MiAK)
 55794 | Zot:4    | Found a runed translucent door.
 56204 | Zot:5    | Entered Level 5 of the Realm of Zot
 56268 | Zot:5    | Identified the +0 hat "Juiklomn" {Will++} (Okawaru gifted
                  | it to you on level 5 of the Realm of Zot)
 56268 | Zot:5    | Received a gift from Okawaru
 56679 | Zot:5    | Noticed a dread lich
 56692 | Zot:5    | Killed a dread lich
 56820 | Zot:5    | Noticed an orb of fire
 56884 | Zot:5    | Noticed an orb of fire
 56904 | Zot:5    | Killed an orb of fire
 57029 | Zot:5    | Noticed an orb of fire
 57039 | Zot:5    | Gained mutation: Armour fits poorly on your strangely
                  | shaped body. [an orb of fire]
 57046 | Zot:5    | Gained mutation: You are dopey. (Int -2) [an orb of fire]
 57048 | Zot:5    | Killed an orb of fire
 57249 | Zot:5    | Noticed an orb of fire
 57255 | Zot:5    | Gained mutation: You are frail. (-10% HP) [an orb of fire]
 57262 | Zot:5    | Killed an orb of fire
 57363 | Zot:5    | Noticed an orb of fire
 57370 | Zot:5    | Gained mutation: Your magical capacity is low. (-10% MP)
                  | [an orb of fire]
 57371 | Zot:5    | Killed an orb of fire
 57380 | Zot:5    | Noticed an orb of fire
 57385 | Zot:5    | Killed an orb of fire
 57388 | Zot:5    | Noticed an orb of fire
 57395 | Zot:5    | Killed an orb of fire
 57404 | Zot:5    | Noticed an orb of fire
 57414 | Zot:5    | Killed an orb of fire
 57414 | Zot:5    | Identified the +5 chain mail of Restlessness {rF- Int+6}
                  | (Okawaru gifted it to you on level 5 of the Realm of Zot)
 57414 | Zot:5    | Received a gift from Okawaru
 57542 | Zot:5    | Noticed a dread lich
 57553 | Zot:5    | Killed a dread lich
 58030 | Vaults:5 | Noticed an ancient lich
 58152 | Vaults:5 | Killed an ancient lich
 58153 | Vaults:5 | Reached skill level 26 in Armour
 58153 | Arena    | Entered the Arena
 58182 | Arena    | Entered the Arena
 58694 | Vaults:5 | Received a gift from Okawaru
 58722 | Vaults:5 | Identified the +11 great sword of Greatest Utility {flame,
                  | rElec Will- Str+3 SInv}
 58956 | Vaults:5 | Identified the +1 hand axe of Wepseag {spect, Str+6}
 58962 | Abyss:3  | Cast into level 3 of the Abyss (a deep elf demonologist)
 59002 | Vaults:5 | Escaped the Abyss
 59016 | Vaults:5 | Noticed a dread lich
 59019 | Vaults:5 | Paralysed by a dread lich for 3 turns
 59023 | Abyss:4  | Found a corrupted altar of Lugonu.
 59023 | Abyss:4  | Cast into level 4 of the Abyss (vault warden)
 59062 | Vaults:5 | Escaped the Abyss
 59066 | Vaults:5 | Killed a dread lich
 59353 | Vaults:5 | Noticed a dread lich
 59367 | Vaults:5 | Killed a dread lich
 59367 | Vaults:5 | Received a gift from Okawaru
 59561 | Vaults:5 | Got a silver rune of Zot
 59562 | Vaults:5 | Identified the +3 dagger of the End {pain, Dex+5}
 59897 | Hell     | Entered the Vestibule of Hell
 59897 | Hell     | Noticed Geryon
 60058 | Hell     | Paralysed by a vampire knight for 5 turns
 60149 | Hell     | Killed Geryon
 60350 | Hell     | Found a gateway to the decaying netherworld of Tartarus.
 60455 | Hell     | Found a gateway to the freezing wastes of Cocytus.
 60603 | Hell     | Found a gateway to the Iron City of Dis.
 60710 | Hell     | Found a gateway to the ashen valley of Gehenna.
 61023 | Pan      | Entered Pandemonium
 61023 | Pan      | Found an exit through the horrors of the Abyss.
 61054 | Pan      | Identified the +0 ring mail of Sunlight {rN+ Int+4}
                  | (Okawaru gifted it to you in Pandemonium)
 61054 | Pan      | Received a gift from Okawaru
 61185 | Pan      | Identified the +5 sling of Insufficient Pleasure {drain,
                  | Drain rC+ Int+3}
 61660 | Pan      | Found a huge runed translucent gate.
 61664 | Pan      | Found a huge runed translucent gate.
 61665 | Pan      | Found a huge runed translucent gate.
 61669 | Pan      | Found a huge runed translucent gate.
 61748 | Pan      | Found a huge runed translucent gate.
 61940 | Pan      | Found a huge runed translucent gate.
 62060 | Pan      | Noticed Gitoa the pandemonium lord
 62065 | Arena    | Entered the Arena
 62094 | Arena    | Entered the Arena
 62108 | Arena    | Killed Gitoa the pandemonium lord
 62226 | Pan      | Gained mutation: You are very clumsy. (Dex -4) [a neqoxec]
 62543 | Pan      | Found a transporter.
 62711 | Pan      | Found a transporter.
 63167 | Pan      | Noticed Ignacio
 63182 | Pan      | HP: 7/173 [Ignacio/+8 executioner's axe of pain (6)]
 63182 | Pan      | HP: 3/173 [Ignacio/+8 executioner's axe of pain (1)]
 63182 | Pan      | Slain by Ignacio

Illustrated notes

Levels and vault maps discovered:
D:1:      eino_arrival_cavern_e, layout_basic, minmay_misc_feat_x
D:2:      layout_loops_cross, minmay_vboxes
D:3:      layout_loops_ring, cheibrodos_sewer_entry_bend,
          kennysheep_generic_room_12
D:4:      layout_cave_pools, nicolae_overflow_hidden_temple,
          mainiacjoe_overflow_cross_hatched, temple_doors_e,
          nicolae_elemental_shop, due_unseen_surprise
D:5:      gammafunk_cloud_chamber, layout_basic,
          lemuel_zombie_altar_yredelemnul, kennysheep_boxes, uniq_blork_the_orc
D:6:      layout_loops_corners, grunt_temple_overflow_open
D:7:      layout_cave_pods, nemelex_xobeh_ov_fountains_minmay, kennysheep_mini
D:8:      layout_loops_ring, enter_bailey_2,
          hellmonk_guarded_unrand_gyre_and_gimble
D:9:      minmay_bloctagon, layout_loops_ring, minmay_stone_trees_large,
          uniq_maurice
D:10:     minmay_cornered_nines, layout_basic,
          kennysheep_orc_monster_closet_entryway, special_room
          [special_room_orc]
D:11:     layout_loops_corners, lair_entry_dummy, tgw_fedhas
D:12:     layout_basic, nzn_life_drinkers
D:13:     minmay_the_grid_square_5x5_3x3 [minmay_the_grid_square_5x5_z,
          minmay_the_grid_square_5x5_hourglass, minmay_the_grid_square_5x5_plus,
          minmay_the_grid_square_5x5_six_small,
          minmay_the_grid_square_5x5_megaprize_hollow,
          minmay_the_grid_square_5x5_eight_small,
          minmay_the_grid_square_5x5_intrusive_squares,
          minmay_the_grid_square_5x5_c, minmay_the_grid_square_5x5_two_small],
          layout_irregular_city, david_vaults_3
D:14:     layout_roguey, serial_shops, bzr_entry_lakeside, grunt_ministairs_4,
          minmay_misc_feat_tower
D:15:     grunt_enter_depths_giant_problem, layout_irregular_city
Temple:   nicolae_temple_bog_church
Lair:1:   layout_gridlike, uniq_amaemon
Lair:2:   layout_roguey, elwin_shoals_entry_rocks, guppyfry_snake_entry_garden,
          lemuel_oklob_altar, grunt_megastairs_5
Lair:3:   layout_roguey, serial_forest, infiniplex_forest_lined_room_2,
          infiniplex_forest_clump_small, infiniplex_forest_lined_4_way,
          infiniplex_forest_clump_diagonal, infiniplex_forest_lined_ring,
          nicolae_lair_lil_pond, minmay_lair_oklob_items,
          infiniplex_staircase_pool, uniq_snorg
Lair:4:   layout_cave_pods, gauntlet_entry_generic, dreamdust_wasp_nest,
          grunt_megastairs_2
Lair:5:   hellmonk_lair_end_abyssal_woods, layout_gridlike,
          dpeg_slime_entry_corner, special_room [special_room_jelly],
          grunt_megastairs_3, uniq_nessos
Shoals:1: layout_shoals, nicolae_shoals_lost_giant_baths, lightli_airlock
Shoals:2: layout_shoals, uniq_jorgrun
Shoals:3: layout_shoals, serial_shops, shop_fountains, nicolae_shop_stone,
          nicolae_shop_peninsula, nicolae_shop_peninsula,
          nicolae_shop_hallway_stairs, nicolae_shoals_arrival_archipelago,
          uniq_polyphemus, uniq_kirke
Shoals:4: shoals_end_simple, layout_shoals, uniq_mlioglotl
Snake:1:  layout_grid_maze, uniq_aizul
Snake:2:  gammafunk_the_bubble [the_bubble_gammafunk_split],
          layout_concentric_octagons, serial_shops, nicolae_square_shop,
          gammafunk_ghost_arena
Snake:3:  layout_gridlike, serial_shops, shop, uniq_asterion, uniq_louise,
          uniq_mara
Snake:4:  snake_pit, layout_grid_shapes, nrook_guardian_serpent_ordinary,
          minmay_shop_star
Slime:1:  layout_caves
Slime:2:  layout_caves, nicolae_slime_getting_an_eyeful
Slime:3:  layout_caves, cheibrodos_slime_lost_civilization_6
Slime:4:  layout_caves, nicolae_slime_rock_hall_of_fame
Slime:5
Orc:1:    layout_caves
Orc:2:    grunt_orc_cross, layout_diamond_mine, nicolae_orc_lava_room
Elf:1:    minmay_elf_arrival_circle, layout_onion_city, basic_altar
Elf:2:    elven_hall_of_blades_hangedman_alternative
          [infiniplex_blade_entry_pillars], layout_geoelf_grid, minivault_28
Elf:3:    minmay_elf_hall_curves, layout_onion_city, serial_shops,
          bzr_entry_dummy, serial_glass, glass_columns_a, glass_columns_a,
          glass_columns_c, uniq_zenata, uniq_bai_suzhen
Vaults:1: ontoclasm_vaults_claustrophobia, v_misc_8, nicolae_vaults_turnstiles,
          vaults_dpeg_diagonal, v_alt_pattern_6, vaults_mumra_minichess,
          ontoclasm_vaults_ligature, nicolae_vaults_trapezoid_lopsided_2,
          ontoclasm_vaults_hangar, nicolae_vaults_trapezoid_2,
          layout_vaults_quadrants, serial_shops, shop
Vaults:2: vaults_room_grid, v_pattern_5, nicolae_vaults_trapezoid_lopsided_3,
          grunt_vaults_hallway_short, v_misc_19, nicolae_vaults_prndl,
          ontoclasm_vaults_spin, nicolae_vaults_cochlea, v_misc_1,
          nicolae_vaults_trapezoid_1, nicolae_vaults_oval_intersection,
          nicolae_vaults_closet_pinwheel_6, nicolae_vaults_layer_cake_slice,
          nicolae_vaults_little_squares_3, ontoclasm_vaults_gateway,
          nicolae_vaults_specimen_jars, vaults_mumra_hexcomb,
          layout_vaults_maze_bifur, uniq_jory
Vaults:3: mu_enter_wizlab_2, v_misc_28, minmay_crypt_entry_simple_sparse,
          dpeg_vaults_monster_box, hangedman_vaults_locks,
          nicolae_vaults_network_square, v_misc_23, v_misc_23,
          nicolae_vaults_little_squares_6, ontoclasm_vaults_misaligned,
          nicolae_vaults_more_shelving_1, nicolae_vaults_little_ls,
          vaults_mumra_hex, vaults_room_hallway, layout_vaults_big_cross
Vaults:4: nicolae_vaults_shipping_containers_2, nicolae_vaults_little_squares_6,
          nicolae_vaults_diamond_2, ontoclasm_vaults_shuriken, v_misc_9,
          nicolae_vaults_closet_pinwheel_5, nicolae_vaults_ring_of_whatevers,
          vaults_mumra_minichess_inversion, grunt_vaults_hallway_short,
          nicolae_vaults_tetromino_Z_1, ontoclasm_vaults_loading_screen,
          nicolae_vaults_tetromino_T_2, vaults_room_door_ring, v_misc_32,
          vaults_room_stairs_pillars, layout_vaults_big_room, serial_shops,
          nicolae_shop_bloodbath_and_beyond
Vaults:5: serial_shops
Crypt:1:  layout_misc_corridors, nicolae_danse_macabre
Crypt:2:  layout_chaotic_city
Crypt:3:  due_elkab, layout_chaotic_city, nicolae_tomb_entry_rubble_hallway,
          basic_altar, uniq_margery, uniq_saint_roka
Depths:1: evilmike_library_of_no_secrets, layout_gridlike, enter_ziggurat_a,
          ebering_dispersal_statue_hall, pf_hell_entry_tar_river,
          dk_noncrumbling_2, minmay_shop_grid_forest, lightli_church_of_beogh
Depths:2: lemuel_troll_bridge, layout_basic, abyss_entry_small_statue_room,
          lemuel_statue_altar, hell_entry, pan_entry,
          nicolae_shop_i_like_small_books_too, uniq_josephina, uniq_nikola
Depths:3: evilmike_pillar_path, layout_cave_shapes, abyss_entry_crystal,
          hell_entry, serial_bayou_shore_a, minmay_shoptagon
Depths:4: grunt_zot_entry_funnels, layout_cave_pools, abyss_entry_flame_altar,
          nicolae_uskayaw_suspiria, grunt_hell_horde, uniq_parghit,
          uniq_enchantress
Hell
Zot:1:    layout_gridlike, zot_minivault_4
Zot:2:    layout_twisted_circle
Zot:3:    layout_cathedral_of_symmetry, grunt_megastairs_4, uniq_vv
Zot:4:    ebering_greatest_show_in_zot, layout_misc_corridors,
          hellmonk_ghost_big_iron, st_stairs_14, grunt_ministairs_2,
          hangedman_elemental_grid_stream
Zot:5:    layout_cathedral_of_symmetry, grunt_ministairs_2
Pan:      nicolae_pan_giant_door, layout_pan_divisions_a
          [pan_division_quadrant_a1, pan_division_quadrant_a2,
          pan_division_quadrant_a4, pan_division_quadrant_a6,
          pan_division_octagon_empty], pan_blood_fountain_small,
          pan_blood_fountain, gammafunk_its_a_trap, layout_basic,
          evilmike_mini_pan_3x3, layout_chambers, uniq_ignacio

Skill      XL: |  1  2  3  4  5  6  7  8  9 10 11 12 13 14 15 16 17 18 19 20 21 22 23 24 25 26 27 |
---------------+----------------------------------------------------------------------------------+-----
Fighting       | 4 5 6 7 9 10 11 12 13 14 15 16 17 18 19 20 21 22 25 | 25.2
Maces & Flails | 3 4 5 6 8 9 10 11 12 13 14 15 16 17 18 19 20 23 | 23.0
Armour         | 4 5 6 7 9 11 13 14 16 17 18 19 20 21 22 23 24 26 | 26.9
Shields        | 4 5 6 7 9 10 11 12 13 14 15 16 17 18 19 20 21 24 | 24.8
Throwing       | 1 2 3 4 5 6 7 8 9 10 11 12 13 14 15 17 | 17.5
Invocations    | 1 3 4 5 6 7 8 9 11 13 15 16 17 18 19 20 21 22 | 22.7
Short Blades   | 3 4 5 |  5.5
Evocations     | 1 3 4 5 6 7 8 9 |  9.2
Dodging        | 2 3 4 5 6 7 8 9 10 | 10.5

Action                     |  1- 3 |  4- 6 |  7- 9 | 10-12 | 13-15 | 16-18 | 19-21 | 22-24 | 25-27 || total
---------------------------+-------+-------+-------+-------+-------+-------+-------+-------+-------++-------
  Melee: Flail             |   131 |   371 |   207 |   251 |   236 |       |       |       |       ||  1196
         Mace              |       |       |   146 |   184 |       |       |       |       |       ||   330
         Pair of quick bla |       |       |       |   108 |       |       |       |       |       ||   108
         Punch             |       |       |       |     2 |       |       |       |       |       ||     2
         Eveningstar       |       |       |       |       |   652 |  1312 |  1443 |  1666 |  3613 ||  8686
  Throw: Javelin           |       |       |    16 |     9 |    47 |    22 |    10 |    14 |    62 ||   180
         Boomerang         |       |       |       |    18 |     2 |       |       |       |       ||    20
         Dart              |       |       |       |     1 |     4 |       |       |       |       ||     5
 Invoke: Heroism           |       |       |     1 |     5 |     3 |     4 |     1 |     3 |    13 ||    30
         Duel              |       |       |       |       |     2 |       |     4 |     1 |     9 ||    16
         Finesse           |       |       |       |       |     1 |       |       |       |     1 ||     2
  Evoke: Wand              |       |       |     2 |    10 |     4 |     3 |       |     1 |     5 ||    25
         Condenser vane    |       |       |       |     1 |     2 |     1 |       |     1 |     3 ||     8
         Phial of floods   |       |       |       |       |       |     1 |       |       |     1 ||     2
    Use: Scroll            |       |     5 |     3 |    12 |    16 |     3 |     7 |     9 |    18 ||    73
         Potion            |       |     6 |     4 |     4 |     2 |     1 |     5 |     4 |    45 ||    71
   Stab: Petrified         |       |       |       |       |       |     3 |       |       |       ||     3
         Confused          |       |       |       |       |       |       |     1 |       |       ||     1
         Invisible         |       |       |       |       |       |       |       |       |     1 ||     1
 Armour: Scale mail        |    84 |   388 |   227 |   139 |       |       |       |       |       ||   838
         Plate armour      |       |       |       |   198 |   580 |   230 |       |       |       ||  1008
         Gold dragon scale |       |       |       |       |       |   457 |   665 |   929 |  2540 ||  4591
  Dodge: Dodged            |    66 |   163 |   119 |   172 |   365 |   488 |   444 |   378 |  1428 ||  3623
  Block: Buckler           |    17 |       |       |       |       |       |       |       |       ||    17
         Tower shield      |    44 |   369 |   285 |   290 |  1109 |  1966 |  1688 |  1922 |  5200 || 12873
         Reflection        |       |       |       |       |       |       |       |    66 |    76 ||   142
